Griffins vs Condors

Created - Wednesday, January 13, 2016 at 01:45

Goals
1 2 3 OT1 SO T
Griffins 0 1 0 0 0 1
Condors 0 0 1 0 1 2
Shots
1 2 3 OT1 SO T
Griffins 6 7 13 1 3 27
Condors 7 7 6 2 3 22

1st period

No Goal

Penalties :
Tyler Graovac (BAK) for Fighting (Major) at 0:48, Taylor Aronson (GRG) for Fighting (Major) at 0:48, Tyler Graovac (BAK) for instigated a fight (Minor) at 0:48, Tyler Graovac (BAK) for instigated a fight (10 Minutes Misconduct) at 0:48, Jay Rosehill (GRG) for Cross-checking (Minor) at 17:02

2nd period

1. Griffins , Mike Angelidis 7 (William Nylander) at 12:36

Penalties :
Jeremie Blain (BAK) for Fighting (Major) at 2:12, Jared Staal (GRG) for Fighting (Major) at 2:12, Jeremie Blain (BAK) for instigated a fight (Minor) at 2:12, Jeremie Blain (BAK) for instigated and being the aggresor in a fight (20 Minutes Game Misconduct) at 2:12, Ken Agostino (BAK) for Fighting (Major) at 4:38, John McFarland (GRG) for Fighting (Major) at 4:38, Collin Bowman (BAK) for Holding (Minor) at 6:32, Dylan Reese (GRG) for Hooking (Minor) at 16:14

3rd period

2. Condors , Tyler Graovac 6 (Kris Newbury) at 13:39

Penalties :
Teemu Pulkkinen (BAK) for Tripping (Minor) at 2:02

Overtime #1

No Goal

Penalties :
No Penalty

Shootout

Penalty Shot by Damien Brunner for Griffins - Stopped by Joe Cannata
Penalty Shot by Teemu Pulkkinen for Condors - Stopped by Anton Forsberg
Penalty Shot by Zac Rinaldo for Griffins - Stopped by Joe Cannata
Penalty Shot by Michael Chaput for Condors - Shot Misses the Net
Penalty Shot by Peter Regin for Griffins - Shot Misses the Net
Penalty Shot by Reid Boucher for Condors - Goal!

Penalties :
No Penalty

Goalie Stats

Anton Forsberg (GRG), 21 saves from 22 shots - (0.955), OTL, 9-12-5, 65:00 minutes
Joe Cannata (BAK), 0 saves from 0 shots - (0.000), W, 8-1-0, 3:35 minutes
Ray Emery (BAK), 26 saves from 27 shots - (0.963), 61:25 minutes

Players Stats for Griffins

Player Name              G  A  P  +/- PIM S  H  SB GA TA FO     MP     PP MP  PK MP  
------------------------------------------------------------------------------------
Adam Payerl              0  0  0   0  0   0  0  0  1  0  1/3     8:34   0:00   0:00 
Corey Trivino            0  0  0   0  0   3  3  2  0  0  2/6    15:55   0:00   2:13 
Damien Brunner           0  0  0   0  0   4  1  0  3  2  4/10   25:05   3:36   0:44 
Dylan Reese              0  0  0   0  2   1  0  1  1  0  0/0    23:58   3:29   1:20 
Jared Staal              0  0  0   0  5   1  2  0  0  0  2/2    14:28   0:49   0:00 
Jay Rosehill             0  0  0   0  2   0  3  0  0  0  0/0     7:39   0:00   0:31 
John McFarland           0  0  0   0  5   1  2  0  1  0  0/0    14:09   0:00   0:00 
Mark Alt                 0  0  0   0  0   3  2  0  0  0  0/0    24:58   4:27   1:46 
Mark Mancari             0  0  0   0  0   0  0  0  0  0  0/0     0:50   0:00   0:00 
Matt Taormina            0  0  0   0  0   2  0  2  0  0  0/0    26:39   4:27   1:46 
Mike Angelidis           1  0  1   0  0   3  4  0  0  0  1/2    19:49   3:31   0:32 
Mike Keenan              0  0  0   0  0   1  0  0  0  1  0/0    17:06   0:00   0:52 
Peter Regin              0  0  0   0  0   1  0  1  0  0  3/8    18:38   4:25   0:32 
Scott Valentine          0  0  0   0  0   0  1  1  1  2  0/0    16:32   0:59   0:00 
T.J. Hensick             0  0  0   0  0   1  2  0  0  0  5/9    18:10   3:31   0:00 
Taylor Aronson           0  0  0   0  5   1  2  0  2  1  0/0    21:05   2:30   2:12 
William Nylander         0  1  1   0  0   2  0  0  3  3  0/0    19:04   3:31   0:29 
Zac Rinaldo              0  0  0   0  0   3  7  2  4  3  0/1    23:14   4:25   2:55 

Players Stats for Condors

Player Name              G  A  P  +/- PIM S  H  SB GA TA FO     MP     PP MP  PK MP  
------------------------------------------------------------------------------------
Anthony Bitetto          0  0  0   0  0   0  3  1  0  2  0/0    26:46   3:11   4:58 
Bill Arnold              0  0  0   0  0   0  0  0  0  0  4/5    12:16   1:35   0:00 
Collin Bowman            0  0  0   0  2   1  1  0  0  1  0/0    11:30   0:00   0:00 
Daniel New               0  0  0   0  0   1  0  0  0  0  0/0    15:13   0:00   0:00 
Jeremie Blain            0  0  0   0  27  1  0  1  0  0  0/0     5:19   0:00   0:00 
John Negrin              0  0  0   0  0   1  3  3  0  1  0/0    21:20   0:47   2:58 
Ken Agostino             0  0  0   0  5   2  0  0  1  0  0/0    11:08   0:00   0:00 
Kris Newbury             0  1  1   0  0   2  2  0  5  0  0/0    19:15   1:37   0:39 
Matt Bailey              0  0  0   0  0   0  1  0  0  0  0/0    18:36   1:37   0:00 
Michael Chaput           0  0  0   0  0   0  1  2  0  0  4/9    23:50   1:08   4:42 
Michael Mersch           0  0  0   0  0   2  1  1  3  0  0/1    16:34   0:02   4:09 
Pat Cannone              0  0  0   0  0   2  2  0  1  1  5/6    14:15   0:49   0:00 
Reid Boucher             0  0  0   0  0   1  0  0  4  0  0/2    14:00   1:57   1:38 
Rob Bordson              0  0  0   0  0   3  2  0  2  0  3/4    12:40   0:00   0:00 
Ryan Stanton             0  0  0   0  0   2  2  5  5  2  0/0    28:49   3:11   4:58 
Teemu Pulkkinen          0  0  0   0  2   1  1  0  0  1  2/6    23:47   1:08   3:55 
Tommy Cross              0  0  0   0  0   0  2  2  0  1  0/0    21:20   0:47   2:58 
Tyler Graovac            1  0  1   0  17  3  2  0  3  1  5/8    15:19   2:01   0:51 

3 Stars

1 - Ray Emery (BAK)
2 - Anton Forsberg (GRG)
3 - Mike Angelidis (GRG)

Power Play

Griffins - 0 on 4 Attempt(s) - 0.00%
Condors - 0 on 2 Attempt(s) - 0.00%

Penalty Kill

Griffins - 2 on 2 Attempt(s) - 100.00% - Score 0 goal in Penalty Kill
Condors - 4 on 4 Attempt(s) - 100.00% - Score 0 goal in Penalty Kill

Team Stat

Griffins - Hits : 29 - Faceoff Wins : 18 - Blocked Shots : 9 - Penalty Minutes : 19
Condors - Hits : 23 - Faceoff Wins : 23 - Blocked Shots : 15 - Penalty Minutes : 53

Official

Referees : Unknown
Linesman : Unknown

Game Notes

Tyler Graovac and Taylor Aronson fight to a draw at 0:48 of 1st period
Jeremie Blain beats up Jared Staal at 2:12 of 2nd period
Jeremie Blain ejected from game at 2:12 of 2nd period
Ken Agostino and John McFarland fight to a draw at 4:38 of 2nd period
Ray Emery is injured at 1:25 of 1st overtime period (Back Surgery)
Joe Cannata enters game at 1:25 of 1st overtime period

Finance

Level 1 -- Attendance: 1483 (74.15%) -- Ticket Income $59,320
Level 2 -- Attendance: 744 (74.40%) -- Ticket Income $14,880
Total Attendance: 2227 (74.23%)
Total Ticket Income: $74,200
Other Income: $36,358
Total Income: $110,558

Griffins

5 vs 5 Forward 
   Center                   Left Wing                Right Wing               Time % Phy DF OF 
 1 Peter Regin              Damien Brunner           Zac Rinaldo              35     1   2  2  
 2 T.J. Hensick             Mike Angelidis           William Nylander         30     1   2  2  
 3 Corey Trivino            Damien Brunner           John McFarland           22     1   2  2  
 4 Adam Payerl              Damien Brunner           Jared Staal              13     1   2  2  

5 vs 5 Defense 
   Defense                  Defense                                           Time % Phy DF OF 
 1 Matt Taormina            Mark Alt                                          35     1   2  2  
 2 Dylan Reese              Taylor Aronson                                    30     1   2  2  
 3 Scott Valentine          Mike Keenan                                       22     1   2  2  
 4 Dylan Reese              Matt Taormina                                     13     1   2  2  

PowerPlay Forward 
   Center                   Left Wing                Right Wing               Time % Phy DF OF 
 1 Peter Regin              Damien Brunner           Zac Rinaldo              60     1   2  2  
 2 T.J. Hensick             Mike Angelidis           William Nylander         40     1   2  2  

PowerPlay Defense
   Defense                  Defense                                           Time % Phy DF OF 
 1 Matt Taormina            Mark Alt                                          60     1   2  2  
 2 Dylan Reese              Taylor Aronson                                    40     1   2  2  

Penalty Kill 4 Players Forward 
   Center                   Wing                     Time % Phy DF OF 
 1 Damien Brunner           Zac Rinaldo              60     1   2  2  
 2 Peter Regin              Mike Angelidis           40     1   2  2  

Penalty Kill 4 Players Defense
   Defense                  Defense                  Time % Phy DF OF 
 1 Matt Taormina            Mark Alt                 60     1   2  2  
 2 Dylan Reese              Taylor Aronson           40     1   2  2  

Penalty Kill - 3 Players Forward 
   Forward                                           Time % Phy DF OF 
 1 Damien Brunner                                    60     1   2  2  
 2 Zac Rinaldo                                       40     1   2  2  

Penalty Kill - 3 Players Defense
   Defense                  Defense                  Time % Phy DF OF 
 1 Matt Taormina            Mark Alt                 60     1   2  2  
 2 Dylan Reese              Taylor Aronson           40     1   2  2  

4 vs 4 Forward 
   Center                   Wing                     Time % Phy DF OF 
 1 Damien Brunner           Zac Rinaldo              60     1   2  2  
 2 Peter Regin              Mike Angelidis           40     1   2  2  

4 vs 4 Defense
   Defense                  Defense                  Time % Phy DF OF 
 1 Matt Taormina            Mark Alt                 60     1   2  2  
 2 Dylan Reese              Taylor Aronson           40     1   2  2  

Last Minutes Offensive
   Center                   Left Wing                Right Wing               Defense                  Defense                  
   Peter Regin              Damien Brunner           Zac Rinaldo              Matt Taormina            Mark Alt                 

Last Minutes Defensive
   Center                   Left Wing                Right Wing               Defense                  Defense                  
   Peter Regin              Damien Brunner           Zac Rinaldo              Matt Taormina            Mark Alt                 

Goaltenders
Starting : Anton Forsberg           
Backup : Peter Budaj              

Extra Forwards
Normal : John McFarland, Jared Staal, Corey Trivino - PP : John McFarland, Jared Staal - PK : Corey Trivino
Extra Defensemen
Normal : Scott Valentine, Mike Keenan, Matt Taormina - PP : Scott Valentine - PK : Mike Keenan, Matt Taormina
Penalty Shots
Damien Brunner, Zac Rinaldo, Peter Regin, Mike Angelidis, T.J. Hensick

Condors

5 vs 5 Forward 
   Center                   Left Wing                Right Wing               Time % Phy DF OF 
 1 Michael Chaput           Teemu Pulkkinen          Reid Boucher             35     1   2  2  
 2 Tyler Graovac            Kris Newbury             Matt Bailey              30     1   2  2  
 3 Pat Cannone              Michael Mersch           Teemu Pulkkinen          22     1   2  2  
 4 Rob Bordson              Ken Agostino             Michael Chaput           13     1   2  2  

5 vs 5 Defense 
   Defense                  Defense                                           Time % Phy DF OF 
 1 Ryan Stanton             Anthony Bitetto                                   35     1   2  2  
 2 Tommy Cross              John Negrin                                       30     1   2  2  
 3 Daniel New               Jeremie Blain                                     22     1   2  2  
 4 Collin Bowman            Ryan Stanton                                      13     1   2  2  

PowerPlay Forward 
   Center                   Left Wing                Right Wing               Time % Phy DF OF 
 1 Michael Chaput           Teemu Pulkkinen          Reid Boucher             60     1   2  2  
 2 Tyler Graovac            Kris Newbury             Matt Bailey              40     1   2  2  

PowerPlay Defense
   Defense                  Defense                                           Time % Phy DF OF 
 1 Ryan Stanton             Anthony Bitetto                                   60     1   2  2  
 2 Tommy Cross              John Negrin                                       40     1   2  2  

Penalty Kill 4 Players Forward 
   Center                   Wing                     Time % Phy DF OF 
 1 Teemu Pulkkinen          Michael Chaput           60     1   2  2  
 2 Reid Boucher             Tyler Graovac            40     1   2  2  

Penalty Kill 4 Players Defense
   Defense                  Defense                  Time % Phy DF OF 
 1 Ryan Stanton             Anthony Bitetto          60     1   2  2  
 2 Tommy Cross              John Negrin              40     1   2  2  

Penalty Kill - 3 Players Forward 
   Forward                                           Time % Phy DF OF 
 1 Teemu Pulkkinen                                   60     1   2  2  
 2 Michael Chaput                                    40     1   2  2  

Penalty Kill - 3 Players Defense
   Defense                  Defense                  Time % Phy DF OF 
 1 Ryan Stanton             Anthony Bitetto          60     1   2  2  
 2 Tommy Cross              John Negrin              40     1   2  2  

4 vs 4 Forward 
   Center                   Wing                     Time % Phy DF OF 
 1 Teemu Pulkkinen          Michael Chaput           60     1   2  2  
 2 Reid Boucher             Tyler Graovac            40     1   2  2  

4 vs 4 Defense
   Defense                  Defense                  Time % Phy DF OF 
 1 Ryan Stanton             Anthony Bitetto          60     1   2  2  
 2 Tommy Cross              John Negrin              40     1   2  2  

Last Minutes Offensive
   Center                   Left Wing                Right Wing               Defense                  Defense                  
   Michael Chaput           Teemu Pulkkinen          Reid Boucher             Ryan Stanton             Anthony Bitetto          

Last Minutes Defensive
   Center                   Left Wing                Right Wing               Defense                  Defense                  
   Michael Chaput           Teemu Pulkkinen          Reid Boucher             Ryan Stanton             Anthony Bitetto          

Goaltenders
Starting : Ray Emery                
Backup : Joe Cannata              

Extra Forwards
Normal : Bill Arnold, Pat Cannone, Michael Mersch - PP : Bill Arnold, Pat Cannone - PK : Michael Mersch
Extra Defensemen
Normal : Daniel New, Jeremie Blain, Collin Bowman - PP : Daniel New - PK : Jeremie Blain, Collin Bowman
Penalty Shots
Teemu Pulkkinen, Michael Chaput, Reid Boucher, Tyler Graovac, Pat Cannone

% Time on Ice - Griffins

Lines # - Real PCT - Wanted PCT - Time Play
Normal Forward
1 - 27% - 35% - 12:59
2 - 31% - 30% - 15:04
3 - 24% - 22% - 11:29
4 - 18% - 13% - 8:34
Normal Defense
1 - 33% - 35% - 15:51
2 - 32% - 30% - 15:24
3 - 32% - 22% - 15:10
4 - 3% - 13% - 1:41
PP Forward
1 - 56% - 60% - 4:25
2 - 44% - 40% - 3:31
PP Defense
1 - 56% - 60% - 4:27
2 - 44% - 40% - 3:29
PK Forward
1 - 87% - 60% - 3:26
2 - 13% - 40% - 0:32
PK Defense
1 - 45% - 60% - 1:46
2 - 55% - 40% - 2:12
PK3 Forward
1 - 0% - 60%
2 - 0% - 40%
PK3 Defense
1 - 0% - 60%
2 - 0% - 40%
44 Forward
1 - 86% - 60% - 4:18
2 - 14% - 40% - 0:42
44 Defense
1 - 58% - 60% - 2:54
2 - 42% - 40% - 2:06
Last Minute Offensive  - 0:00
Last Minute Defensive  - 0:00
Total
Forward - 65:00
Defense - 65:00

% Time on Ice - Condors

Lines # - Real PCT - Wanted PCT - Time Play
Normal Forward
1 - 19% - 35% - 9:16
2 - 35% - 30% - 17:00
3 - 19% - 22% - 9:10
4 - 26% - 13% - 12:40
Normal Defense
1 - 31% - 35% - 15:07
2 - 33% - 30% - 16:06
3 - 32% - 22% - 15:13
4 - 3% - 13% - 1:40
PP Forward
1 - 49% - 60% - 1:57
2 - 51% - 40% - 2:01
PP Defense
1 - 80% - 60% - 3:11
2 - 20% - 40% - 0:47
PK Forward
1 - 79% - 60% - 6:18
2 - 21% - 40% - 1:38
PK Defense
1 - 63% - 60% - 4:58
2 - 37% - 40% - 2:58
PK3 Forward
1 - 0% - 60%
2 - 0% - 40%
PK3 Defense
1 - 0% - 60%
2 - 0% - 40%
44 Forward
1 - 84% - 60% - 4:11
2 - 16% - 40% - 0:49
44 Defense
1 - 70% - 60% - 3:30
2 - 30% - 40% - 1:30
Last Minute Offensive  - 0:00
Last Minute Defensive  - 0:00
Total
Forward - 65:00
Defense - 65:00

Play by Play

1st period


0:01 of 1st period - Peter Regin wins face-off versus Michael Chaput in neutral zone.
0:27 of 1st period - Snap shot by Damien Brunner.
0:27 of 1st period - Shot Misses the Net.
0:29 of 1st period - Snap shot by Peter Regin.
0:29 of 1st period - Deflect By Damien Brunner.
0:29 of 1st period - Shot Misses the Net.
0:29 of 1st period - Puck is out of play.
0:30 of 1st period - Tyler Graovac wins face-off versus T.J. Hensick in Condors zone.
0:48 of 1st period - Tyler Graovac and Taylor Aronson fight to a draw.
0:48 of 1st period - Penalty to Tyler Graovac for Fighting.
0:48 of 1st period - Penalty to Taylor Aronson for Fighting.
0:48 of 1st period - Penalty to Tyler Graovac for instigated a fight.
0:48 of 1st period - Penalty to Tyler Graovac for instigated a fight.
0:49 of 1st period - Peter Regin wins face-off versus Teemu Pulkkinen in Griffins zone.
1:20 of 1st period - Slapshot by Damien Brunner.
1:20 of 1st period - Shot Misses the Net.
2:07 of 1st period - Slapshot by T.J. Hensick.
2:07 of 1st period - Deflect By William Nylander.
2:07 of 1st period - Shot Blocked by John Negrin.
2:07 of 1st period - Puck is out of play.
2:08 of 1st period - Mike Angelidis wins face-off versus Reid Boucher in Condors zone.
2:09 of 1st period - Snap shot by William Nylander.
2:09 of 1st period - Shot Blocked by John Negrin.
2:48 of 1st period - Penalty to Tyler Graovac is over, Michael Mersch is send on ice.
2:48 of 1st period - Damien Brunner is hit by John Negrin and loses puck.
3:17 of 1st period - Michael Chaput is hit by Corey Trivino and loses puck.
3:30 of 1st period - Michael Chaput is hit by Mark Alt and loses puck.
3:37 of 1st period - Wrist shot by T.J. Hensick.
3:37 of 1st period - Stopped by Ray Emery with a rebound.
3:39 of 1st period - Wrist shot by William Nylander.
3:39 of 1st period - Stopped by Ray Emery without a rebound.
3:40 of 1st period - Bill Arnold wins face-off versus T.J. Hensick in Condors zone.
3:58 of 1st period - Snap shot by Bill Arnold.
3:58 of 1st period - Shot Misses the Net.
4:17 of 1st period - Jeremie Blain is hit by Mike Angelidis and loses puck.
4:38 of 1st period - Slapshot by Ken Agostino.
4:38 of 1st period - Stopped by Anton Forsberg with a rebound.
4:50 of 1st period - Snap shot by Ken Agostino.
4:50 of 1st period - Shot Blocked by Corey Trivino.
4:52 of 1st period - Wrist shot by Ryan Stanton.
4:52 of 1st period - Deflect By Rob Bordson.
4:52 of 1st period - Stopped by Anton Forsberg without a rebound.
4:53 of 1st period - Bill Arnold wins face-off versus Adam Payerl in Griffins zone.
5:10 of 1st period - Slapshot by Dylan Reese.
5:10 of 1st period - Shot Blocked by Ryan Stanton.
5:12 of 1st period - Wrist shot by John McFarland.
5:12 of 1st period - Shot Misses the Net.
5:14 of 1st period - Slapshot by Dylan Reese.
5:14 of 1st period - Shot Blocked by Ryan Stanton.
5:35 of 1st period - Snap shot by Rob Bordson.
5:35 of 1st period - Stopped by Anton Forsberg without a rebound.
5:36 of 1st period - Rob Bordson wins face-off versus Damien Brunner in Griffins zone.
5:39 of 1st period - Wrist shot by Ken Agostino.
5:39 of 1st period - Deflect By Damien Brunner.
5:39 of 1st period - Stopped by Anton Forsberg without a rebound.
5:40 of 1st period - Rob Bordson wins face-off versus Peter Regin in Griffins zone.
6:28 of 1st period - Bill Arnold is hit by Scott Valentine and loses puck.
7:06 of 1st period - Anthony Bitetto is hit by T.J. Hensick and loses puck.
7:37 of 1st period - Michael Mersch is hit by Zac Rinaldo and loses puck.
7:46 of 1st period - Snap shot by Teemu Pulkkinen.
7:46 of 1st period - Stopped by Anton Forsberg without a rebound.
7:47 of 1st period - Pat Cannone wins face-off versus Corey Trivino in Griffins zone.
8:24 of 1st period - Slapshot by William Nylander.
8:24 of 1st period - Deflect By T.J. Hensick.
8:24 of 1st period - Shot Misses the Net.
8:24 of 1st period - Puck is out of play.
8:25 of 1st period - T.J. Hensick wins face-off versus Pat Cannone in Condors zone.
8:28 of 1st period - Snap shot by William Nylander.
8:28 of 1st period - Shot Misses the Net.
8:30 of 1st period - Wrist shot by Mike Angelidis.
8:30 of 1st period - Deflect By William Nylander.
8:30 of 1st period - Shot Misses the Net.
8:30 of 1st period - Puck is out of play.
8:31 of 1st period - Pat Cannone wins face-off versus T.J. Hensick in Condors zone.
9:05 of 1st period - Snap shot by Zac Rinaldo.
9:05 of 1st period - Shot Misses the Net.
9:07 of 1st period - Wrist shot by Peter Regin.
9:07 of 1st period - Shot Blocked by Michael Chaput.
9:09 of 1st period - Snap shot by Damien Brunner.
9:09 of 1st period - Stopped by Ray Emery with a rebound.
9:25 of 1st period - Snap shot by Damien Brunner.
9:25 of 1st period - Stopped by Ray Emery with a rebound.
10:48 of 1st period - Zac Rinaldo is hit by Michael Mersch and loses puck.
11:51 of 1st period - Scott Valentine is hit by Teemu Pulkkinen and loses puck.
12:21 of 1st period - Slapshot by Kris Newbury.
12:21 of 1st period - Shot Misses the Net.
12:23 of 1st period - Snap shot by Kris Newbury.
12:23 of 1st period - Shot Blocked by Corey Trivino.
12:25 of 1st period - Snap shot by Jeremie Blain.
12:25 of 1st period - Stopped by Anton Forsberg with a rebound.
12:41 of 1st period - Jared Staal is hit by Rob Bordson and loses puck.
12:48 of 1st period - Slapshot by Reid Boucher.
12:48 of 1st period - Shot Blocked by Matt Taormina.
13:04 of 1st period - Matt Taormina is hit by Collin Bowman and loses puck.
14:36 of 1st period - Rob Bordson is hit by T.J. Hensick and loses puck.
14:58 of 1st period - Snap shot by Kris Newbury.
14:58 of 1st period - Stopped by Anton Forsberg without a rebound.
14:59 of 1st period - Jared Staal wins face-off versus Bill Arnold in Griffins zone.
15:22 of 1st period - Slapshot by Zac Rinaldo.
15:22 of 1st period - Deflect By Peter Regin.
15:22 of 1st period - Shot Blocked by Jeremie Blain.
15:22 of 1st period - Puck is out of play.
15:23 of 1st period - Pat Cannone wins face-off versus Peter Regin in Condors zone.
15:48 of 1st period - 10 Minutes Misconduct Penalty to Tyler Graovac is over.
17:02 of 1st period - Minor Penalty to Jay Rosehill for Cross-checking.
17:03 of 1st period - Tyler Graovac wins face-off versus Corey Trivino in Griffins zone.
17:47 of 1st period - Snap shot by Zac Rinaldo.
17:47 of 1st period - Stopped by Ray Emery without a rebound.
17:48 of 1st period - Michael Chaput wins face-off versus Damien Brunner in Condors zone.
19:02 of 1st period - Penalty to Jay Rosehill is over, Jay Rosehill is back on ice.
19:06 of 1st period - Matt Bailey is hit by Jay Rosehill and loses puck.
19:15 of 1st period - Wrist shot by Mike Angelidis.
19:15 of 1st period - Stopped by Ray Emery with a rebound.
19:21 of 1st period - Mark Alt is hit by Anthony Bitetto.
19:41 of 1st period - Jared Staal is hit by Rob Bordson and loses puck.
19:48 of 1st period - Jared Staal is hit by Anthony Bitetto and loses puck.
Goals for this period are 0 for Griffins vs 0 for Condors.
Shots for this period are 6 for Griffins vs 7 for Condors.

2nd period


0:01 of 2nd period - Damien Brunner wins face-off versus Michael Chaput in neutral zone.
1:01 of 2nd period - T.J. Hensick is hit by Kris Newbury and loses puck.
1:19 of 2nd period - Snap shot by William Nylander.
1:19 of 2nd period - Shot Misses the Net.
1:37 of 2nd period - Tyler Graovac is hit by Corey Trivino and loses puck.
1:46 of 2nd period - John Negrin is hit by Corey Trivino and loses puck.
2:12 of 2nd period - Jeremie Blain beats up Jared Staal.
2:12 of 2nd period - Penalty to Jeremie Blain for Fighting.
2:12 of 2nd period - Penalty to Jared Staal for Fighting.
2:12 of 2nd period - Penalty to Jeremie Blain for instigated a fight.
2:12 of 2nd period - Penalty to Jeremie Blain for instigated and being the aggresor in a fight.
2:12 of 2nd period - Jeremie Blain is ejected from game.
2:13 of 2nd period - T.J. Hensick wins face-off versus Teemu Pulkkinen in Griffins zone.
2:22 of 2nd period - Ryan Stanton is hit by Mike Angelidis and loses puck.
3:13 of 2nd period - Michael Chaput is hit by Zac Rinaldo and loses puck.
3:24 of 2nd period - John Negrin is hit by Zac Rinaldo and loses puck.
3:31 of 2nd period - Slapshot by Damien Brunner.
3:31 of 2nd period - Shot Blocked by John Negrin.
4:11 of 2nd period - Snap shot by Mike Angelidis.
4:11 of 2nd period - Shot Misses the Net.
4:12 of 2nd period - Penalty to Jeremie Blain is over, Matt Bailey is send on ice.
4:37 of 2nd period - Snap shot by Ken Agostino.
4:37 of 2nd period - Shot Misses the Net.
4:38 of 2nd period - Ken Agostino and John McFarland fight to a draw.
4:38 of 2nd period - Penalty to Ken Agostino for Fighting.
4:38 of 2nd period - Penalty to John McFarland for Fighting.
4:39 of 2nd period - Corey Trivino wins face-off versus Rob Bordson in Griffins zone.
5:23 of 2nd period - Snap shot by Michael Mersch.
5:23 of 2nd period - Shot Misses the Net.
5:25 of 2nd period - Slapshot by Ryan Stanton.
5:25 of 2nd period - Shot Misses the Net.
6:32 of 2nd period - Minor Penalty to Collin Bowman for Holding.
6:33 of 2nd period - Damien Brunner wins face-off versus Teemu Pulkkinen in Condors zone.
6:36 of 2nd period - Wrist shot by Zac Rinaldo.
6:36 of 2nd period - Shot Misses the Net.
6:38 of 2nd period - Snap shot by Zac Rinaldo.
6:38 of 2nd period - Shot Blocked by Michael Mersch.
6:40 of 2nd period - Slapshot by Mark Alt.
6:40 of 2nd period - Deflect By Teemu Pulkkinen.
6:40 of 2nd period - Stopped by Ray Emery with a rebound.
6:42 of 2nd period - Snap shot by Mark Alt.
6:42 of 2nd period - Stopped by Ray Emery with a rebound.
6:44 of 2nd period - Wrist shot by Peter Regin.
6:44 of 2nd period - Stopped by Ray Emery with a rebound.
6:46 of 2nd period - Slapshot by Matt Taormina.
6:46 of 2nd period - Shot Misses the Net.
6:48 of 2nd period - Wrist shot by Mark Alt.
6:48 of 2nd period - Stopped by Ray Emery with a rebound.
6:50 of 2nd period - Backhand shot by Peter Regin.
6:50 of 2nd period - Shot Blocked by Ryan Stanton.
6:52 of 2nd period - Slapshot by Matt Taormina.
6:52 of 2nd period - Stopped by Ray Emery with a rebound.
7:12 of 2nd period - Penalty to Jeremie Blain is over, Kris Newbury is send on ice.
7:53 of 2nd period - Ryan Stanton is hit by Taylor Aronson and loses puck.
8:07 of 2nd period - Ryan Stanton is hit by Zac Rinaldo and loses puck.
8:32 of 2nd period - Penalty to Collin Bowman is over, Collin Bowman is back on ice.
8:42 of 2nd period - Anthony Bitetto is hit by Jared Staal and loses puck.
9:45 of 2nd period - Wrist shot by T.J. Hensick.
9:45 of 2nd period - Shot Blocked by Michael Chaput.
9:47 of 2nd period - Snap shot by T.J. Hensick.
9:47 of 2nd period - Shot Misses the Net.
9:49 of 2nd period - Snap shot by Mike Angelidis.
9:49 of 2nd period - Stopped by Ray Emery without a rebound.
9:50 of 2nd period - Tyler Graovac wins face-off versus Mike Angelidis in Condors zone.
10:45 of 2nd period - Ken Agostino is hit by Jay Rosehill and loses puck.
11:06 of 2nd period - Tommy Cross is hit by John McFarland and loses puck.
11:40 of 2nd period - John McFarland is hit by Tommy Cross and loses puck.
12:36 of 2nd period - Slapshot by Mike Angelidis.
12:36 of 2nd period - Goal by Mike Angelidis - Griffins : 1 - Condors : 0.
12:37 of 2nd period - Pat Cannone wins face-off versus Damien Brunner in neutral zone.
12:50 of 2nd period - Snap shot by Pat Cannone.
12:50 of 2nd period - Shot Blocked by Matt Taormina.
13:36 of 2nd period - Zac Rinaldo is hit by Pat Cannone and loses puck.
13:57 of 2nd period - Tyler Graovac is hit by Zac Rinaldo.
14:08 of 2nd period - Zac Rinaldo is hit by Matt Bailey and loses puck.
14:27 of 2nd period - Wrist shot by Ken Agostino.
14:27 of 2nd period - Shot Blocked by Scott Valentine.
14:29 of 2nd period - Slapshot by Daniel New.
14:29 of 2nd period - Shot Misses the Net.
14:31 of 2nd period - Slapshot by Daniel New.
14:31 of 2nd period - Deflect By Adam Payerl.
14:31 of 2nd period - Stopped by Anton Forsberg with a rebound.
14:43 of 2nd period - Slapshot by Kris Newbury.
14:43 of 2nd period - Stopped by Anton Forsberg with a rebound.
14:45 of 2nd period - Snap shot by Tyler Graovac.
14:45 of 2nd period - Shot Misses the Net.
14:47 of 2nd period - Slapshot by John Negrin.
14:47 of 2nd period - Stopped by Anton Forsberg without a rebound.
14:48 of 2nd period - Tyler Graovac wins face-off versus T.J. Hensick in Griffins zone.
15:07 of 2nd period - Snap shot by Mike Angelidis.
15:07 of 2nd period - Shot Blocked by Tommy Cross.
15:30 of 2nd period - Wrist shot by Pat Cannone.
15:30 of 2nd period - Stopped by Anton Forsberg without a rebound.
15:31 of 2nd period - Pat Cannone wins face-off versus Corey Trivino in Griffins zone.
15:38 of 2nd period - Slapshot by Teemu Pulkkinen.
15:38 of 2nd period - Shot Misses the Net.
15:40 of 2nd period - Slapshot by Ryan Stanton.
15:40 of 2nd period - Shot Misses the Net.
15:42 of 2nd period - Snap shot by Ryan Stanton.
15:42 of 2nd period - Deflect By Damien Brunner.
15:42 of 2nd period - Stopped by Anton Forsberg with a rebound.
16:04 of 2nd period - Wrist shot by Rob Bordson.
16:04 of 2nd period - Stopped by Anton Forsberg with a rebound.
16:06 of 2nd period - Snap shot by Michael Chaput.
16:06 of 2nd period - Shot Misses the Net.
16:08 of 2nd period - Slapshot by Collin Bowman.
16:08 of 2nd period - Shot Blocked by Dylan Reese.
16:14 of 2nd period - Minor Penalty to Dylan Reese for Hooking.
16:15 of 2nd period - Corey Trivino wins face-off versus Michael Chaput in Griffins zone.
16:24 of 2nd period - Slapshot by Reid Boucher.
16:24 of 2nd period - Stopped by Anton Forsberg with a rebound.
16:26 of 2nd period - Slapshot by Anthony Bitetto.
16:26 of 2nd period - Deflect By Reid Boucher.
16:26 of 2nd period - Shot Blocked by Zac Rinaldo.
16:26 of 2nd period - Puck is out of play.
16:27 of 2nd period - Michael Chaput wins face-off versus Zac Rinaldo in Griffins zone.
16:30 of 2nd period - Snap shot by Reid Boucher.
16:30 of 2nd period - Shot Blocked by Zac Rinaldo.
16:32 of 2nd period - Slapshot by Ryan Stanton.
16:32 of 2nd period - Shot Misses the Net.
16:34 of 2nd period - Snap shot by Reid Boucher.
16:34 of 2nd period - Shot Misses the Net.
16:52 of 2nd period - Wrist shot by Damien Brunner.
16:52 of 2nd period - Shot Hit the Post.
16:58 of 2nd period - Matt Taormina is hit by Tyler Graovac and loses puck.
17:12 of 2nd period - 10 Minutes Misconduct Penalty to Jeremie Blain is over.
18:05 of 2nd period - Mark Alt is hit by Pat Cannone and loses puck.
18:14 of 2nd period - Penalty to Dylan Reese is over, Dylan Reese is back on ice.
18:18 of 2nd period - Dylan Reese is hit by Ryan Stanton.
18:35 of 2nd period - Rob Bordson is hit by Taylor Aronson.
19:01 of 2nd period - Ken Agostino is hit by Mike Angelidis and loses puck.
19:14 of 2nd period - Mike Keenan is hit by John Negrin and loses puck.
Goals for this period are 1 for Griffins vs 0 for Condors.
Shots for this period are 7 for Griffins vs 7 for Condors.

3rd period


0:01 of 3rd period - Michael Chaput wins face-off versus Peter Regin in neutral zone.
0:10 of 3rd period - Snap shot by Damien Brunner.
0:10 of 3rd period - Stopped by Ray Emery without a rebound.
0:11 of 3rd period - Michael Chaput wins face-off versus Peter Regin in Condors zone.
0:49 of 3rd period - Icing by Michael Chaput.
0:50 of 3rd period - T.J. Hensick wins face-off versus Michael Chaput in Condors zone.
1:23 of 3rd period - Snap shot by William Nylander.
1:23 of 3rd period - Stopped by Ray Emery with a rebound.
1:31 of 3rd period - Mike Angelidis is hit by Kris Newbury and loses puck.
2:02 of 3rd period - Minor Penalty to Teemu Pulkkinen for Tripping.
2:03 of 3rd period - Peter Regin wins face-off versus Michael Mersch in Condors zone.
2:21 of 3rd period - Snap shot by Zac Rinaldo.
2:21 of 3rd period - Stopped by Ray Emery with a rebound.
4:02 of 3rd period - Penalty to Teemu Pulkkinen is over, Teemu Pulkkinen is back on ice.
4:30 of 3rd period - Wrist shot by John McFarland.
4:30 of 3rd period - Shot Blocked by Anthony Bitetto.
4:32 of 3rd period - Slapshot by Scott Valentine.
4:32 of 3rd period - Shot Misses the Net.
4:34 of 3rd period - Wrist shot by Corey Trivino.
4:34 of 3rd period - Shot Blocked by Ryan Stanton.
4:36 of 3rd period - Wrist shot by Corey Trivino.
4:36 of 3rd period - Stopped by Ray Emery with a rebound.
4:38 of 3rd period - Snap shot by John McFarland.
4:38 of 3rd period - Shot Misses the Net.
4:40 of 3rd period - Slapshot by Mike Keenan.
4:40 of 3rd period - Stopped by Ray Emery with a rebound.
4:42 of 3rd period - Wrist shot by Corey Trivino.
4:42 of 3rd period - Stopped by Ray Emery without a rebound.
4:43 of 3rd period - Adam Payerl wins face-off versus Tyler Graovac in Condors zone.
4:54 of 3rd period - Snap shot by Tyler Graovac.
4:54 of 3rd period - Stopped by Anton Forsberg without a rebound.
4:55 of 3rd period - Tyler Graovac wins face-off versus Adam Payerl in Griffins zone.
5:39 of 3rd period - Slapshot by Damien Brunner.
5:39 of 3rd period - Shot Blocked by Tommy Cross.
5:45 of 3rd period - Snap shot by Corey Trivino.
5:45 of 3rd period - Stopped by Ray Emery with a rebound.
5:56 of 3rd period - Off-side.
5:57 of 3rd period - T.J. Hensick wins face-off versus Tyler Graovac in neutral zone.
6:04 of 3rd period - Slapshot by Collin Bowman.
6:04 of 3rd period - Stopped by Anton Forsberg without a rebound.
6:05 of 3rd period - T.J. Hensick wins face-off versus Tyler Graovac in Griffins zone.
6:12 of 3rd period - Matt Bailey is hit by Mike Angelidis and loses puck.
6:52 of 3rd period - Off-side.
6:53 of 3rd period - Jared Staal wins face-off versus Michael Chaput in neutral zone.
7:51 of 3rd period - Mike Keenan is hit by Anthony Bitetto and loses puck.
9:20 of 3rd period - Snap shot by Michael Mersch.
9:20 of 3rd period - Stopped by Anton Forsberg with a rebound.
9:22 of 3rd period - Snap shot by Michael Mersch.
9:22 of 3rd period - Stopped by Anton Forsberg with a rebound.
10:12 of 3rd period - Mike Keenan is hit by Tyler Graovac and loses puck.
10:35 of 3rd period - Wrist shot by Adam Payerl.
10:35 of 3rd period - Deflect By Jared Staal.
10:35 of 3rd period - Stopped by Ray Emery with a rebound.
10:37 of 3rd period - Slapshot by Matt Taormina.
10:37 of 3rd period - Stopped by Ray Emery with a rebound.
11:04 of 3rd period - Tommy Cross is hit by Zac Rinaldo and loses puck.
11:13 of 3rd period - Wrist shot by Ken Agostino.
11:13 of 3rd period - Shot Misses the Net.
11:29 of 3rd period - Snap shot by Damien Brunner.
11:29 of 3rd period - Shot Misses the Net.
11:31 of 3rd period - Slapshot by Dylan Reese.
11:31 of 3rd period - Stopped by Ray Emery with a rebound.
11:33 of 3rd period - Slapshot by Taylor Aronson.
11:33 of 3rd period - Deflect By Damien Brunner.
11:33 of 3rd period - Stopped by Ray Emery with a rebound.
11:35 of 3rd period - Snap shot by John McFarland.
11:35 of 3rd period - Shot Blocked by Ryan Stanton.
11:37 of 3rd period - Slapshot by Taylor Aronson.
11:37 of 3rd period - Stopped by Ray Emery with a rebound.
11:59 of 3rd period - Wrist shot by Pat Cannone.
11:59 of 3rd period - Stopped by Anton Forsberg with a rebound.
12:11 of 3rd period - Jay Rosehill is hit by John Negrin and loses puck.
13:39 of 3rd period - Slapshot by Tyler Graovac.
13:39 of 3rd period - Goal by Tyler Graovac - Griffins : 1 - Condors : 1.
13:40 of 3rd period - Bill Arnold wins face-off versus Peter Regin in neutral zone.
13:46 of 3rd period - Off-side.
13:47 of 3rd period - Bill Arnold wins face-off versus Damien Brunner in neutral zone.
16:54 of 3rd period - Matt Bailey is hit by Jay Rosehill and loses puck.
17:11 of 3rd period - Jared Staal is hit by Ryan Stanton and loses puck.
18:15 of 3rd period - Pat Cannone is hit by Zac Rinaldo.
19:46 of 3rd period - Wrist shot by John McFarland.
19:46 of 3rd period - Shot Misses the Net.
19:48 of 3rd period - Snap shot by John McFarland.
19:48 of 3rd period - Stopped by Ray Emery without a rebound.
19:49 of 3rd period - Rob Bordson wins face-off versus Corey Trivino in Condors zone.
19:49 of 3rd period - Rob Bordson is hit by John McFarland.
Goals for this period are 0 for Griffins vs 1 for Condors.
Shots for this period are 13 for Griffins vs 6 for Condors.

Overtime #1


0:01 of 1st overtime period - Teemu Pulkkinen wins face-off versus Damien Brunner in neutral zone.
0:18 of 1st overtime period - Slapshot by Ryan Stanton.
0:18 of 1st overtime period - Stopped by Anton Forsberg with a rebound.
0:52 of 1st overtime period - Zac Rinaldo is hit by Michael Chaput and loses puck.
1:25 of 1st overtime period - Snap shot by Zac Rinaldo.
1:25 of 1st overtime period - Stopped by Ray Emery with a rebound.
1:25 of 1st overtime period - Ray Emery from Condors is injured at 1:25 of 1st overtime period (Back Surgery).
1:25 of 1st overtime period - Joe Cannata enters game.
1:26 of 1st overtime period - Damien Brunner wins face-off versus Teemu Pulkkinen in Condors zone.
1:33 of 1st overtime period - Slapshot by Zac Rinaldo.
1:33 of 1st overtime period - Deflect By Damien Brunner.
1:33 of 1st overtime period - Shot Misses the Net.
1:33 of 1st overtime period - Puck is out of play.
1:34 of 1st overtime period - Teemu Pulkkinen wins face-off versus Damien Brunner in Condors zone.
2:32 of 1st overtime period - Tommy Cross is hit by Damien Brunner and loses puck.
3:26 of 1st overtime period - Jared Staal is hit by Tommy Cross and loses puck.
3:31 of 1st overtime period - Snap shot by Tyler Graovac.
3:31 of 1st overtime period - Stopped by Anton Forsberg without a rebound.
3:32 of 1st overtime period - Damien Brunner wins face-off versus Reid Boucher in Griffins zone.
4:10 of 1st overtime period - Snap shot by Bill Arnold.
4:10 of 1st overtime period - Shot Blocked by Peter Regin.
4:21 of 1st overtime period - Pat Cannone is hit by Mark Alt and loses puck.
4:50 of 1st overtime period - Michael Chaput is hit by Jared Staal.
4:56 of 1st overtime period - Snap shot by Michael Chaput.
4:56 of 1st overtime period - Shot Hit the Post.
Goals for this period are 0 for Griffins vs 0 for Condors.
Shots for this period are 1 for Griffins vs 2 for Condors.

ShootOut


5:00 of 1st overtime period - Penalty Shot by Damien Brunner for Griffins.
5:00 of 1st overtime period - Backhand shot by Damien Brunner.
5:00 of 1st overtime period - Stopped by Joe Cannata.
5:00 of 1st overtime period - Penalty Shot by Teemu Pulkkinen for Condors.
5:00 of 1st overtime period - Backhand shot by Teemu Pulkkinen.
5:00 of 1st overtime period - Stopped by Anton Forsberg.
5:00 of 1st overtime period - Penalty Shot by Zac Rinaldo for Griffins.
5:00 of 1st overtime period - Wrist shot by Zac Rinaldo.
5:00 of 1st overtime period - Stopped by Joe Cannata.
5:00 of 1st overtime period - Penalty Shot by Michael Chaput for Condors.
5:00 of 1st overtime period - Snap shot by Michael Chaput.
5:00 of 1st overtime period - Shot Misses the Net.
5:00 of 1st overtime period - Penalty Shot by Peter Regin for Griffins.
5:00 of 1st overtime period - Snap shot by Peter Regin.
5:00 of 1st overtime period - Shot Misses the Net.
5:00 of 1st overtime period - Penalty Shot by Reid Boucher for Condors.
5:00 of 1st overtime period - Deke by Reid Boucher.
5:00 of 1st overtime period - Goal by Reid Boucher.